 Dungeon Crawl Stone Soup version 0.28-a0-1184-g53156a8862 (webtiles) character file.

Game seed: 9068632731560626722

2098 ytrimaz the Insei (level 9, -1/69 HPs)
             Began as an Octopode Transmuter on Dec 17, 2021.
             Was an Initiate of Ashenzari.
             Slain by a killer bee (3 damage)
             ... on level 8 of the Dungeon.
             The game lasted 00:08:33 (9848 turns).

ytrimaz the Insei (Octopode Transmuter)             Turns: 9848, Time: 00:08:34

Health: -1/69      AC:  6    Str:  9    XL:     9   Next: 28%
Magic:  11/17      EV: 12    Int: 20    God:    Ashenzari [......]
Gold:   379        SH:  0    Dex: 12    Spells: 9/19 levels left

rFire   x . .      SeeInvis .     - Unarmed
rCold   + + +      Faith    +   (shield currently unavailable)
rNeg    . . .      Spirit   .   (helmet currently unavailable)
rPois   +          Reflect  .   j - amulet of Ashenzari's Vision {Faith, Cun, Melee} (curse)
rElec   .          Harm     .   (no ring)
rCorr   .          Rampage  .   (no ring)
Will    .....                   (no ring)
Stlth   +.........              (no ring)
HPRegen 0.21/turn               (no ring)
MPRegen 0.15/turn               (no ring)
                                (no ring)
                                (no ring)

@: lethally poisoned (-1 -> -2), ice-form, wereblooded
A: freezing attack, boosted hp, almost no armour, amphibious, 8 rings, large,
(camouflage 1), (gelatinous body 1), (nimble swimmer 1), (tentacles)
a: End Transformation, Renounce Religion, Curse Item, Shatter the Chains


You were on level 8 of the Dungeon.
You worshipped Ashenzari.
Ashenzari was noncommittal.
You were a creature of crystalline ice.
You visited 2 branches of the dungeon, and saw 9 of its levels.

You collected 379 gold pieces.

Inventory:

Jewellery
 j - the cursed amulet of Ashenzari's Vision (around neck) {Faith, Cun, Melee}
   (You took it off an orc on level 4 of the Dungeon)

   [amulet of faith]

   It allows you to gain divine favour quickly.
   It has a curse which improves the following skills: Cunning: Dodging and
   Stealth.
   Melee Combat: Short Blades, Long Blades, Axes, Maces & Flails, Polearms,
   Staves and Unarmed Combat.
 k - the ring "Yvoudec" {Ice Fly Will- Str+6 SInv}
   (You acquired it on level 4 of the Dungeon)

   [ring of ice]

   It enhances your ice magic.
   Str:       It affects your strength (+6).
   rF:        It makes you vulnerable to fire.
   rC:        It protects you from cold.
   SInv:      It lets you see invisible.
   Fly:       It grants you flight.
   Will:      It decreases your willpower.
Wands
 l - a wand of iceblast (8)
 p - a wand of paralysis (8)
Scrolls
 h - 3 scrolls of teleportation
 i - 2 scrolls of enchant armour
 m - a scroll of brand weapon
 q - 2 scrolls of fear
 r - a scroll of magic mapping {unknown}
Potions
 a - a potion of haste
 b - a potion of resistance
 c - 3 potions of curing
 d - 2 potions of invisibility
 e - a potion of might {unknown}
 f - 3 potions of flight
 g - 2 potions of mutation
 n - a potion of magic {unknown}
 o - a potion of cancellation {unknown}


   Skills:
 * Level 4.3 Fighting
 * Level 5.6(6.1) Dodging
 + Level 6.4(6.9) Unarmed Combat
 * Level 5.5 Spellcasting
 * Level 5.3 Transmutations
 + Level 2.1 Poison Magic


You had 9 spell levels left.
You knew the following spells:

 Your Spells              Type           Power      Damage    Failure   Level
a - Beastly Appendage     Tmut           54%        N/A       1%          1
b - Wereblood             Tmut           27%        N/A       1%          2
c - Spider Form           Tmut/Pois      20%        N/A       7%          3
d - Ice Form              Ice/Tmut       16%        N/A       36%         4

Your spell library contained the following spells:

 Spells                   Type           Power      Damage    Failure   Level
 Blink                    Tloc           10%        N/A       17%         2
 Dazzling Flash           Conj/Hex       10%        N/A       32%         3
 Lesser Beckoning         Tloc           5%         N/A       32%         3
 Iskenderun's Mystic Bla  Conj/Tloc      5%         2d3       73%         4
 Manifold Assault         Tloc           5%         N/A       97%         5
 Starburst                Conj/Fire      2%         6d3       100%        6


Dungeon Overview and Level Annotations

Branches:
Dungeon (8/15)             Temple (1/1) D:5
   Lair: D:8-11

Altars:
Ashenzari
Cheibriados
Elyvilon
Fedhas
Hepliaklqana
Kikubaaqudgha
Makhleb
Nemelex Xobeh
Qazlal
Ru
Sif Muna
Trog
Uskayaw
Vehumet
Wu Jian
Xom
Yredelemnul
Zin
The Shining One

Shops:
D:4 :


Innate Abilities, Weirdness & Mutations

You are a creature of crystalline ice.
You have a powerful freezing melee attack.
Your maximum health is increased.
Your armour is entirely melded.
You are incapable of wielding weapons or throwing items.
You cannot wear most types of armour.
You are amphibious.
You can wear up to eight rings at the same time.
((Your skin changes colour to match your surroundings (Stealth+).))
((Your rubbery body absorbs attacks. (AC +1, EV +1)))
((You are camouflaged near water. (Stealth+)))
((You have tentacles for arms and can constrict up to eight enemies at once.))


Message History

Okay, then.
You feel sick. The killer bee barely misses you. The killer bee stings you.
You feel sick. The killer bee stings you.
You are more poisoned.
The killer bee poisons you!
You open the door.
You feel very sick.
The killer bee stings you. x2; The killer bee misses you.
The killer bee closely misses you. The killer bee barely misses you.
The killer bee misses you.
You feel sick. The killer bee barely misses you.
The killer bee closely misses you.
There is an open door here.
You feel sick. The killer bee stings you.
Casting: Ice Form (quite dangerous; 36% risk of failure)
Confirm with . or Enter, or press ? or * to list all spells.
The spell is quite dangerous to miscast (36% risk of failure)!
Continue anyway?
You turn into a creature of crystalline ice.
You feel sick.
The killer bee stings you but does no damage.
The killer bee misses you.
Unknown command.
Unknown command.
Casting: Ice Form (quite dangerous; 36% risk of failure)
Confirm with . or Enter, or press ? or * to list all spells.
Your blood is infused with primal strength.
You feel sick.
The killer bee stings you but does no damage.
The killer bee misses you.
You feel sick.
You barely miss the killer bee.
You feel sick. The killer bee misses you. The killer bee stings you.
* * * LOW HITPOINT WARNING * * *
You closely miss the killer bee.
You feel sick. The killer bee closely misses you. The killer bee stings you.
* * * LOW HITPOINT WARNING * * *
You closely miss the killer bee.
You feel sick. The killer bee stings you.
* * * LOW HITPOINT WARNING * * *
The killer bee stings you.
You die...

..................##.≈....
.....................§§≈§≈
..............(........§..
#...................§#
#....................#
#.........####..yo...#
#.........# ###y#...#
########### #y#......
#Y#......# #.#......#
#.##+#(..# #.. ..## ###


You could see 3 killer bees and an orc.

Vanquished Creatures
  A wyvern (D:6)
  An acid dragon (D:6)
  A water moccasin (D:7)
  A sky beast (D:7)
  A necrophage (D:5)
  3 ice beasts
  A black bear (D:3)
  2 phantoms
  A gnoll sergeant (D:6)
  2 scorpions
  4 killer bees (D:8)
  2 howler monkeys
  A hound (D:5)
  3 orc priests
  A gnoll shaman (D:5)
  3 centaur skeletons
  2 iguanas
  2 orc wizards (D:8)
  A hound zombie (D:5)
  A howler monkey zombie (D:8)
  9 gnolls
  8 adders
  A white imp (D:6)
  An ufetubus (D:6)
  2 worms
  A dart slug (D:2)
  13 orcs
  5 ball pythons
  5 bats
  3 endoplasms
  4 giant cockroaches
  8 goblins
  7 hobgoblins
  7 jackals
  9 kobolds
  3 quokkas
  5 frilled lizards
  7 rats
132 creatures vanquished.

Notes
Turn   | Place    | Note
-------+----------+-------------------------------------------
     0 | D:1      | ytrimaz the Octopode Transmuter began the quest for the
                  | Orb.
     0 | D:1      | Reached XP level 1. HP: 13/13 MP: 3/3
   311 | D:1      | Reached XP level 2. HP: 8/18 MP: 5/5
   471 | D:1      | Learned a level 2 spell: Wereblood
  1015 | D:1      | Reached XP level 3. HP: 16/23 MP: 4/6
  1030 | D:1      | Learned a level 3 spell: Spider Form
  1751 | D:1      | Found a faded altar of an unknown god.
  1939 | D:2      | Found a hazy altar of Hepliaklqana.
  2392 | D:2      | Reached XP level 4. HP: 29/29 MP: 5/7
  3165 | D:3      | Noticed a black bear
  3385 | D:3      | Killed a black bear
  3386 | D:3      | Reached XP level 5. HP: 19/34 MP: 5/9
  3689 | D:3      | Reached skill level 4 in Unarmed Combat
  3809 | D:3      | Reached XP level 6. HP: 25/39 MP: 8/11
  4456 | D:4      | Found an ancient bone altar of Kikubaaqudgha.
  4650 | D:4      | Found Ylaur's Book Shoppe.
  4906 | D:4      | Found a bloodstained altar of Trog.
  5042 | D:4      | Identified a scroll of acquirement
  5042 | D:4      | Acquired the ring "Yvoudec" {Ice Fly Will- Str+6 SInv}
  5064 | D:4      | Reached XP level 7. HP: 9/45 MP: 11/13
  5357 | D:5      | Entered Level 5 of the Dungeon
  5439 | D:5      | Learned a level 4 spell: Ice Form
  5637 | D:5      | Identified the +1 plate armour of Hysteria {Int+7 Dex-5}
  5939 | D:5      | Found a sacrificial altar of Ru.
  6015 | D:5      | Found a staircase to the Ecumenical Temple.
  6037 | Temple   | Entered the Ecumenical Temple
  6331 | Temple   | Became a worshipper of Ashenzari the Shackled
  6487 | D:5      | HP: 1/46 [ice beast (13)]
  6493 | D:5      | Reached skill level 5 in Unarmed Combat
  6493 | D:5      | Reached XP level 8. HP: 2/52 MP: 11/14
  7071 | D:6      | Identified the +10 dagger of the Dark Horse {vorpal, rC+
                  | Will+ Str+4}
  7339 | D:6      | Found a snail-covered altar of Cheibriados.
  7347 | D:6      | Reached skill level 1 in Poison Magic
  7431 | D:6      | Noticed a wyvern
  7443 | D:6      | Killed a wyvern
  8430 | D:6      | Reached skill level 5 in Dodging
  8523 | D:6      | Reached skill level 5 in Spellcasting
  8728 | D:7      | Found a white marble altar of Elyvilon.
  8811 | D:7      | Reached skill level 5 in Transmutations
  9128 | D:7      | Reached skill level 6 in Unarmed Combat
  9128 | D:7      | Reached XP level 9. HP: 22/58 MP: 12/16
  9836 | D:8      | Found an ornate altar of the Wu Jian Council.
  9848 | D:8      | HP: 2/69 [killer bee (6)]
  9848 | D:8      | Slain by a killer bee

Illustrated notes

Levels and vault maps discovered:
D:1:      lightli_arrival_isolated_outpost, layout_loops_ring,
          shapermc_ecumenical_altar_mp_vishouse, kennysheep_decorative_pillar,
          minmay_3d_cube
D:2:      wad_crossroads, layout_basic, basic_altar, minmay_strange_pillars
D:3:      layout_basic
D:4:      layout_rooms, mainiacjoe_overflow_boulevard, lemuel_round_altar,
          serial_shops, nicolae_square_shop
D:5:      layout_cave_pools, nicolae_ru_path_of_blood,
          minmay_temple_entry_drinking_statues, serial_column_ruins,
          column_ruins_grid_1, column_ruins_open_small, column_ruins_grid_1
D:6:      layout_loops_ring, mainiacjoe_overflow_tiny_flanked
D:7:      layout_loops_ring, lemuel_crystal_altar
D:8:      layout_basic, mainiacjoe_overflow_concentric_impassable,
          due_lair_maze_entry_diamond
Temple:   nicolae_temple_figure_eight

Skill      XL: |  1  2  3  4  5  6  7  8  9 |
---------------+----------------------------+-----
Fighting       | 2 3 4 |  4.3
Dodging        | 3 4 5 |  5.6
Spellcasting   | 3 4 5 |  5.5
Transmutations | 3 4 5 |  5.3
Unarmed Combat | 4 5 6 |  6.4
Poison Magic   | 1 2 |  2.1

Action                   |  1- 3 |  4- 6 |  7- 9 || total
-------------------------+-------+-------+-------++-------
Melee: Unarmed           |   105 |   128 |   205 ||   438
       Constrict         |    27 |    20 |     5 ||    52
       Kick              |    16 |    22 |     4 ||    42
       Tentacles         |    14 |    15 |     7 ||    36
       Punch             |     5 |     3 |     2 ||    10
 Cast: Beastly Appendage |    19 |    14 |     4 ||    37
       Wereblood         |     1 |     5 |     4 ||    10
       Spider Form       |       |     4 |    17 ||    21
       Ice Form          |       |       |     3 ||     3
Invok: Curse Item        |       |       |     1 ||     1
  Use: Scroll            |     3 |     6 |     7 ||    16
       Potion            |     2 |       |       ||     2
 Stab: Sleeping          |     3 |       |     1 ||     4
Armor: Skin              |    15 |    12 |    13 ||    40
Dodge: Dodged            |   100 |   109 |   183 ||   392

Table legend: (Time is in decaauts)
 A = Elapsed time spent in this place.
 B = Non-inter-level travel time spent in this place.
 C = Inter-level travel time spent in this place.
 D = Time resting spent in this place.
 E = Time spent auto-exploring this place.
 F = Levels seen in this place.
 G = Mean time per level.
                   A        B        C        D        E       F      G
               +--------+--------+--------+--------+--------+-----+--------+
         Total |   9792 |   9560 |    232 |   1289 |   6956 |   9 | 1088.0 |
       Dungeon |   9477 |   9281 |    196 |   1289 |   6680 |   8 | 1184.6 |
        Temple |    314 |    278 |     36 |      0 |    276 |   1 |  314.0 |
               +--------+--------+--------+--------+--------+-----+--------+

Top non-repeatable levels by time:
     D:5: 1895 daAuts
     D:1: 1834 daAuts
     D:2: 1467 daAuts
     D:6: 1151 daAuts
     D:3: 1085 daAuts
     D:4: 936 daAuts
     D:7: 851 daAuts
  Temple: 314 daAuts
     D:8: 257 daAuts
